 Dungeon Crawl Stone Soup version 0.31-a0-441-g867994ef1c (webtiles) character file.

Game seed: 12474348715706496360

695 Dittersdorf the Covered (level 7, 0/44 HPs)
             Began as a Gargoyle Fighter on Aug 1, 2023.
             Was an Initiate of Okawaru.
             Slain by Pikel
             ... wielding a +2 whip of flaming
              (3 damage)
             ... in the Ecumenical Temple on Aug 2, 2023.
             The game lasted 00:06:59 (5725 turns).

Dittersdorf the Covered (Gargoyle Fighter)          Turns: 5725, Time: 00:07:00

Health: 0/44       AC: 18    Str: 21    XL:     7   Next: 64%
Magic:  7/7        EV:  8    Int:  9    God:    Okawaru [......]
Gold:   331        SH:  5    Dex:  9    Spells: 4/6 levels left

rFire   . . .        a - +0 flail
rCold   . . .        c - +0 buckler
rNeg    + . .        m - +0 chain mail
rPois   ∞            l - +1 helmet
rElec   +            (no cloak)
rCorr   .            (no gloves)
SInv    .            r - +0 pair of boots
Will    .....        (no amulet) Stlth
                     (no ring)
HPRegen 0.27/turn    (no ring)
MPRegen 0.10/turn

%: no passive effects
@: no status effects
A: sickness immunity, AC +4, negative energy resistance 1, electricity
resistance, torment resistance 1, petrification resistance
a: Renounce Religion


You were in the Ecumenical Temple.
You worshipped Okawaru.
Okawaru was noncommittal.
You visited 2 branches of the dungeon, and saw 6 of its levels.

You collected 331 gold pieces.

Inventory:

Hand Weapons
 a - a +0 flail (weapon)
Missiles
 e - a curare-tipped dart
Armour
 c - a +0 buckler (worn)
 l - a +1 helmet (worn)
 m - a +0 chain mail (worn)
 r - a +0 pair of boots (worn)
Jewellery
 g - a ring of fire
Wands
 o - a wand of paralysis (13) (quivered)
Scrolls
 h - a scroll of fear
 j - a scroll of teleportation
 n - a scroll of enchant armour
Potions
 b - a potion of curing {unknown}
 d - 2 potions of might
 f - 3 potions of heal wounds {unknown}
 i - a potion of ambrosia
 k - a potion of resistance {unknown}
 p - a potion of attraction {unknown}
 q - a potion of magic {unknown}


   Skills:
 + Level 5.5 Fighting
 + Level 4.4 Maces & Flails
 + Level 5.5 Armour
 + Level 5.5 Shields


You had 4 spell levels left.
You knew the following spells:

 Your Spells              Type           Power      Damage    Failure   Level
a - Passwall              Tmut/Erth      0%         N/A       99%         2

Your spell library contained the following spells:

 Spells                   Type           Power      Damage    Failure   Level
 Ensorcelled Hibernation  Hex/Ice        0%         N/A       99%         2
 Swiftness                Air            0%         N/A       100%        3
 Vhi's Electric Charge    Tloc/Air       0%         N/A       100%        3
 Leda's Liquefaction      Hex/Erth       0%         N/A       100%        4
 Petrify                  Tmut/Erth      0%         N/A       100%        4
 Arcjolt                  Conj/Air       0%         1d10      100%        5
 Irradiate                Conj/Tmut      0%         3d11      100%        5
 Lee's Rapid Deconstruct  Erth           0%         3d4*      100%        5
 Leda's Unmaking          Conj/Erth      0%         9d1       100%        6
 Maxwell's Capacitive Co  Air            0%         ∞         100%        8
 Summon Small Mammal      Summ           Unusable   N/A       N/A         1
 Sublimation of Blood     Necr           Unusable   N/A       N/A         2
 Call Canine Familiar     Summ           Unusable   N/A       N/A         3
 Summon Guardian Golem    Hex/Summ       Unusable   N/A       N/A         3

Dungeon Overview and Level Annotations

Branches:
Dungeon (5/15)             Temple (1/1) D:5

Altars:
Dithmenos
Elyvilon
Fedhas
Gozag
Hepliaklqana
Makhleb
Nemelex Xobeh
Okawaru
Qazlal
Ru
Sif Muna
Trog
Uskayaw
Vehumet
Wu Jian
Xom
Yredelemnul
Zin
The Shining One

Annotations:
Temple Pikel


Innate Abilities, Weirdness & Mutations

You are immune to sickness and miasma.
Your stone body is resilient. (AC +4)
You are immune to poison.
You resist negative energy. (rN+)
You are resistant to electric shocks. (rElec)
You are resistant to unholy torment.
You are immune to petrification.


Message History

The howler monkey hoots and howls with incredible vigour!
Pikel hits you with a +2 whip of flaming!
Pikel burns you.
You hit Pikel but do no damage. Pikel hits you but does no damage.
The howler monkey hoots and howls with incredible vigour!
You hear an angry hiss. x2
You barely miss Pikel. You block Pikel's attack.
You closely miss Pikel.
Pikel hits you with a +2 whip of flaming.
Pikel burns you.
Pikel cracks his whip.
Pikel hits you but does no damage.
You closely miss Pikel. Pikel hits you but does no damage.
You hit Pikel.
Pikel is lightly wounded.
Pikel waves his whip at you.
Pikel hits you with a +2 whip of flaming!
Pikel burns you.
* * * LOW HITPOINT WARNING * * *
Pikel attacks as you move away! Pikel barely misses you.
Pikel attacks as you move away!
Pikel hits you with a +2 whip of flaming.
* * * LOW HITPOINT WARNING * * *
Pikel burns you.
* * * LOW HITPOINT WARNING * * *
There is a staircase to the Ecumenical Temple here.
Pikel hits you with a +2 whip of flaming.
* * * LOW HITPOINT WARNING * * *
Pikel burns you.
* * * LOW HITPOINT WARNING * * *
You climb downwards.
Welcome back to the Ecumenical Temple!
There is a staircase back to the Dungeon here.
Pikel attacks as you move away! Pikel hits you but does no damage.
Unknown command.
Aiming: Paralyse
Press: ? - help, Q - select action, (/) - cycle Shift-Dir - straight line, f - Pikel
Aim: Pikel, wielding a +2 whip of flaming and wearing a +0 robe (lightly wounded, chance to affect: 49%) Pikel resists with some effort.
Pikel hits you with a +2 whip of flaming.
You die...

##.## ##.## ####.#.#
#.#.#### ##### #...##.##
##.##...# #...#
#._.###.###.###._.# #._.#
##...####...####...####...#
##.###.###._.###.###.##.####
##.## ##.##...##.#####..##
##.## ##.##.##.####..#.##
#.## #####.#.#@####.####.#
### #...##..K##...## ###
#._....<...._.# ###
##...##...##...# ###
#.####.####.#.#.##### ##.#
##.#..####.##.##.## ##.##
##..#####.##...##.## ##.##
##.##.###.###._.###.###.##
..####...####...####...##


You could see Pikel.

Vanquished Creatures
  Menkaure (D:5)
  A kobold brigand (D:4)
  A phantom (D:5)
  Blork the orc (D:5)
  A scorpion (D:4)
  A hound (D:4)
  An orc priest (D:3)
  A sleepcap (D:5)
  An orc wizard (D:3)
  An iguana (D:5)
  Robin (D:2)
  3 adders
  3 worms (D:2)
  4 dart slugs
  5 orcs
  6 bats
  9 endoplasms
  3 giant cockroaches
  7 hobgoblins
  8 jackals (D:4)
  3 kobolds
  4 quokkas
  8 ball pythons
  6 frilled lizards
  15 goblins
  13 rats
108 creatures vanquished.

Notes
Turn   | Place    | Note
-------+----------+-------------------------------------------
     0 | D:1      | Dittersdorf the Gargoyle Fighter began the quest for the
                  | Orb.
     0 | D:1      | Reached XP level 1. HP: 14/14 MP: 1/1
     0 | D:1      | Upgraded the game from 0.31-a0-435-g2c6fae2916 to
                  | 0.31-a0-441-g867994ef1c
   133 | D:1      | Reached XP level 2. HP: 19/19 MP: 2/2
   311 | D:1      | Reached XP level 3. HP: 23/23 MP: 3/3
   513 | D:2      | Found a faded altar of an unknown god.
   706 | D:2      | Reached XP level 4. HP: 23/29 MP: 4/4
  1208 | D:2      | Noticed Robin
  1227 | D:2      | Killed Robin
  1695 | D:2      | Found a faded altar of an unknown god.
  2443 | D:2      | Found a faded altar of an unknown god.
  3698 | D:3      | Found a shimmering blue altar of Sif Muna.
  3723 | D:3      | Reached XP level 5. HP: 33/33 MP: 5/5
  4254 | D:3      | Found a radiant altar of Vehumet.
  4257 | D:3      | Found a stormy altar of Qazlal.
  4603 | D:4      | Found a basalt altar of Yredelemnul.
  4603 | D:4      | Noticed a kobold brigand
  4636 | D:4      | Killed a kobold brigand
  4637 | D:4      | Reached XP level 6. HP: 30/39 MP: 6/6
  4852 | D:4      | Found a white marble altar of Elyvilon.
  5039 | D:4      | Learned a level 2 spell: Passwall
  5108 | D:5      | Entered Level 5 of the Dungeon
  5140 | D:5      | Reached skill level 5 in Fighting
  5140 | D:5      | Reached skill level 5 in Armour
  5140 | D:5      | Reached skill level 5 in Shields
  5140 | D:5      | Reached XP level 7. HP: 36/44 MP: 7/7
  5193 | D:5      | Noticed Menkaure
  5201 | D:5      | Killed Menkaure
  5275 | D:5      | Found a staircase to the Ecumenical Temple.
  5284 | Temple   | Entered the Ecumenical Temple
  5299 | Temple   | Became a worshipper of Warmaster Okawaru
  5581 | D:5      | Noticed Blork the orc
  5606 | D:5      | Killed Blork the orc
  5690 | D:5      | Noticed Pikel
  5721 | D:5      | HP: 2/44 [Pikel/+2 whip of flaming (2)]
  5725 | Temple   | Slain by Pikel

Illustrated notes

Levels and vault maps discovered:
D:1:      enne_arrival_octagon_isle, layout_rooms
D:2:      layout_basic, nicolae_ecumenical_pavilion, uniq_robin
D:3:      layout_basic, mainiacjoe_overflow_concentric_impassable,
          nicolae_overflow_squiral
D:4:      layout_rooms, mainiacjoe_overflow_boulevard,
          overflow_temple_1_default, minivault_1
D:5:      minmay_polygon_palace, layout_rooms,
          minmay_temple_entry_statues_fountains, uniq_pikel, uniq_blork_the_orc,
          uniq_menkaure
Temple:   eino_narrow_crystal_temple

Skill      XL: |  1  2  3  4  5  6 |
---------------+-------------------+-----
Shields        | 4 5 |  5.5
Fighting       | 4 5 |  5.5
Armour         | 4 5 |  5.5
Maces & Flails | 3 4 |  4.4

Action                     |  1- 3 |  4- 6 |  7- 9 || total
---------------------------+-------+-------+-------++-------
  Melee: Flail             |   125 |   255 |    59 ||   439
  Evoke: Wand              |       |       |     1 ||     1
    Use: Scroll            |       |     6 |       ||     6
 Armour: Scale mail        |    81 |    67 |       ||   148
         Chain mail        |       |    91 |    27 ||   118
  Dodge: Dodged            |    73 |   138 |    19 ||   230
  Block: Buckler           |    20 |    58 |    10 ||    88

Table legend: (Time is in decaauts)
 A = Elapsed time spent in this place.
 B = Non-inter-level travel time spent in this place.
 C = Inter-level travel time spent in this place.
 D = Time resting spent in this place.
 E = Time spent auto-exploring this place.
 F = Levels seen in this place.
 G = Mean time per level.
                   A        B        C        D        E       F      G
               +--------+--------+--------+--------+--------+-----+--------+
         Total |   5846 |   5503 |    343 |     57 |   4348 |   6 |  974.3 |
       Dungeon |   5804 |   5461 |    343 |     57 |   4348 |   5 | 1160.8 |
        Temple |     42 |     42 |      0 |      0 |      0 |   1 |   42.0 |
               +--------+--------+--------+--------+--------+-----+--------+

Top non-repeatable levels by time:
     D:2: 3174 daAuts
     D:3: 920 daAuts
     D:1: 604 daAuts
     D:5: 581 daAuts
     D:4: 523 daAuts
  Temple: 42 daAuts
